 Dungeon Crawl Stone Soup version 0.23-a0-436-g57debff (webtiles) character file.

149 Ziggle the Firebug (level 5, -3/36 HPs)
             Began as a Demonspawn Fire Elementalist on Nov 16, 2018.
             Slain by Natasha (7 damage)
             ... on level 2 of the Dungeon.
             The game lasted 00:09:15 (2965 turns).

Ziggle the Firebug (Demonspawn Fire Elementalist)   Turns: 2965, Time: 00:09:16

Health: -3/36      AC:  3    Str:  8    XL:     5   Next: 9%
Magic:  2/10       EV: 12    Int: 18    God:
Gold:   78         SH:  0    Dex: 13    Spells: 2/10 levels left

rFire    + . .     SeeInvis .   j - +0 spear
rCold    . . .     Gourm    .   (no shield)
rNeg     . . .     Faith    .   a - +0 robe
rPois    .         Spirit   .   g - +0 helmet
rElec    .         Reflect  .   (no cloak)
rCorr    .         Harm     .   (no gloves)
MR       .....                  (no boots)
Stlth    ++........             (no amulet)
HPRegen  0.12/turn              (no ring)
MPRegen  0.12/turn              (no ring)

@: very slightly contaminated
A: claws 1, fire resistance 1
a: no special abilities


You were on level 2 of the Dungeon.
You were not hungry.

You visited 1 branch of the dungeon, and saw 2 of its levels.

You collected 78 gold pieces.

Inventory:

Hand Weapons
 e - a +0 club
 j - a +0 spear (weapon)
Missiles
 b - 50 stones (quivered)
 d - 2 throwing nets
Armour
 a - a +0 robe (worn)
 g - a +0 helmet (worn)
Jewellery
 h - an uncursed amulet of faith
Scrolls
 l - 4 scrolls of identify {unknown}
Potions
 i - 2 potions of mutation {unknown}
 k - a potion of curing
Comestibles
 c - 5 rations


   Skills:
 + Level 0.3 Fighting
 - Level 1.7 Dodging
 - Level 1.7 Stealth
 + Level 3.3 Spellcasting
 + Level 2.2 Conjurations
 + Level 4.0 Fire Magic


You had 2 spell levels left.
You knew the following spells:

 Your Spells              Type           Power        Failure   Level  Hunger
a - Flame Tongue          Conj/Fire      ##...        4%          1    None
b - Conjure Flame         Conj/Fire      ##......     13%         3    ###....
c - Sticky Flame          Conj/Fire      ##......     41%         4    ####...

Your spell library contained the following spells:

 Spells                   Type           Power        Failure   Level  Hunger
 Throw Flame              Conj/Fire      ##....       7%          2    ##.....
 Inner Flame              Hex/Fire       ##......     21%         3    ###....
 Fireball                 Conj/Fire      ##........   77%         5    ######.


Dungeon Overview and Level Annotations

Branches:
Dungeon (2/15)

Altars:
Dithmenos
Okawaru
Ru
Vehumet

Annotations:
D:2 Natasha


Innate Abilities, Weirdness & Mutations

You have sharp fingernails.
Your flesh is heat resistant. (rF+)


Message History

Aim: Natasha (heavily wounded)
The flame tongue misses Natasha.
Natasha claws you.
* * * LOW HITPOINT WARNING * * *
Casting: Flame Tongue (safe; 4% risk of failure)
Confirm with . or Enter, or press ? or * to list all spells.
Aiming: Flame Tongue (safe; 4% risk of failure)
Press: ? - help, Shift-Dir - straight line, f/p - Natasha
Aim: Natasha (heavily wounded)
The flame tongue hits Natasha.
Natasha appears unharmed.
Natasha is heavily wounded.
Natasha barely misses you.
Casting: Flame Tongue (safe; 4% risk of failure)
Confirm with . or Enter, or press ? or * to list all spells.
Aiming: Flame Tongue (safe; 4% risk of failure)
Press: ? - help, Shift-Dir - straight line, f/p - Natasha
Aim: Natasha (heavily wounded)
The flame tongue hits Natasha.
Natasha is severely wounded.
Natasha claws you!
You die...

#.#.##..........
#.#.##..........
#######.#.##..÷)......
#.....................
#####..........>..........
#.........................
#..................>.....#
#...........h............#
#....##.###@####.........#
#### #...)÷......#
###.......# ...#
#.#.#.......# ...... ...#
#.#.#.......# ..... ...#
#.#.#.......# ..
...###.#.#.......#
.......#.#.......#
#####..#.#.......#
#..#.#.......#


You could see Natasha.

Vanquished Creatures
  Natasha (twice) (D:2)
  Robin (D:2)
  2 adders (D:2)
  An ooze (D:1)
  2 dart slugs (D:1)
  2 leopard geckos (D:2)
  A bat (D:1)
  13 goblins
  14 hobgoblins
  A quokka (D:2)
  2 ball pythons (D:1)
  5 frilled lizards (D:1)
  4 kobolds
  9 rats
59 creatures vanquished.

Notes
Turn   | Place    | Note
-------+----------+-------------------------------------------
     0 | D:1      | Ziggle the Demonspawn Fire Elementalist began the quest for
                  | the Orb.
     0 | D:1      | Reached XP level 1. HP: 13/13 MP: 3/3
   212 | D:1      | Reached skill level 3 in Fire Magic
   212 | D:1      | Gained mutation: Your flesh is heat resistant. (rF+)
                  | [demonic ancestry]
   212 | D:1      | Reached XP level 2. HP: 18/19 MP: 0/5
   676 | D:1      | Gained mutation: You have sharp fingernails. [demonic
                  | ancestry]
   676 | D:1      | Reached XP level 3. HP: 24/24 MP: 2/6
   890 | D:1      | Learned a level 3 spell: Conjure Flame
  1576 | D:2      | Found a sacrificial altar of Ru.
  1577 | D:2      | Found a shadowy altar of Dithmenos.
  1577 | D:2      | Found an iron altar of Okawaru.
  1577 | D:2      | Noticed Natasha
  1578 | D:2      | Found a radiant altar of Vehumet.
  1594 | D:2      | Killed Natasha
  1594 | D:2      | Reached XP level 4. HP: 7/30 MP: 1/8
  1634 | D:2      | Noticed Natasha
  1825 | D:1      | Learned a level 4 spell: Sticky Flame
  1843 | D:2      | Killed Natasha
  1900 | D:2      | Noticed Robin
  2119 | D:2      | Killed Robin
  2353 | D:2      | Reached skill level 4 in Fire Magic
  2597 | D:2      | Reached XP level 5. HP: 9/36 MP: 1/9
  2944 | D:2      | Noticed Natasha
  2965 | D:2      | Slain by Natasha

Vault maps used:
D:1:      shiori_arrival_oz, minmay_circled_x
D:2:      chequers_temple_overflow_statue_of_worship, uniq_natasha, uniq_robin

Skill      XL: |  1  2  3  4 |
---------------+-------------+-----
Fire Magic     | 3 4 |  4.0
Spellcasting   | 3 |  3.3
Conjurations   | 2 |  2.2
Fighting       | |  0.3
Dodging        | |  1.7
Stealth        | |  1.7

Action                   |  1- 3 |  4- 6 || total
-------------------------+-------+-------++-------
Melee: Unarmed           |     2 |       ||     2
       Club              |    21 |     3 ||    24
       Spear             |       |    15 ||    15
 Cast: Flame Tongue      |    59 |    61 ||   120
  Eat: Chunk             |     3 |     4 ||     7
Armor: Robe              |    17 |     5 ||    22
Dodge: Dodged            |    38 |    27 ||    65

Table legend:
 A = Non-vault XP
 B = Vault XP
 C = Vault XP percentage of total XP
 D = Non-vault monster count
 E = Vault monster count
 F = Vault count percentage of total count
                 A         B        C        D         E       F
            +---------+---------+-------+---------+---------+-------
      Total |     137 |      77 |  36.0 |      42 |      17 |  28.8
            +---------+---------+-------+---------+---------+-------
        D:1 |      47 |       8 |  14.5 |      25 |       6 |  19.4
        D:2 |      90 |      69 |  43.4 |      17 |      11 |  39.3
            +---------+---------+-------+---------+---------+-------
